Map: [ESL] Data-C

Players

Reaper

  • Race: Zerg Zerg
  • Spawn Location: 9:00

DisK - Winner!

  • Race: Protoss Protoss
  • Spawn Location: 3:00

Event: DreamHack SC2 Masters 2022 Atlanta (Online)

VOD

Have the link to the VOD?

Description

Time

  • Played on: Oct. 9, 2022, 4:05 p.m.
  • Length: 16:51

All games in this series

Show
View Real Time Build Order
Export as new Build Order

Reaper Zerg 

Build Orders: Hatch First, Lurkers 

Get SALT Encoding   

  12  0:00  Drone  
  13  0:08  Drone  
  14  0:33  Hatchery  
  13  0:37  Drone  
  14  0:45  Overlord  
  14  0:57  Extractor  
  14  0:58  Extractor  
  14  0:59  Drone x2  
  16  1:04  Drone  
  17  1:15  Spawning Pool  
  16  1:18  Drone  
  16  1:22  Drone  
  18  1:31  Drone  
  19  1:33  Extractor  
  18  1:43  Drone  
  18  1:45  Drone  
  20  1:54  Drone  
  20  1:57  Drone  
  22  2:02  Queen x2  
  22  2:05  Overlord  
  27  2:08  Zergling x2  
  27  2:18  Overlord  
  27  2:20  Drone  
  28  2:28  Zergling x4  
  30  2:38  Queen x2  
  30  2:43  Zergling x4  
  36  2:48  Overlord  
  36  2:50  Drone  
  38  2:58  Drone  
  38  3:05  Drone  
  39  3:09  Drone  
  40  3:13  Drone  
  40  3:14  Drone x5  
  46  3:22  Drone  
  47  3:29  Hatchery  
  46  3:34  Lair  
  46  3:37  Drone x2, Extractor  
  46  3:41  Overlord  
  47  3:50  Overlord  
  47  3:55  Overlord  
  47  4:00  Evolution Chamber  
  47  4:01  Drone x3  
  47  4:02  Roach Warren  
  48  4:16  Extractor  
  47  4:17  Drone x3  
  47  4:18  Drone x3  
  47  4:19  Drone  
  54  4:25  Overlord  
  54  4:27  Zerg Missile Weapons Level 1  
  54  4:41  Glial Reconstitution  
  54  4:43  Roach x3  
  54  4:44  Roach  
  62  4:48  Roach  
  64  4:54  Queen  
  64  4:58  Drone x2  
  68  5:00  Drone x2  
  68  5:05  Drone x2  
  72  5:09  Drone x5  
  73  5:20  Spore Crawler  
  72  5:24  Drone x2  
  72  5:25  Drone x2  
  72  5:27  Drone x5  
  81  5:30  Extractor  
  81  5:35  Overlord  
  80  5:40  Overlord  
  80  5:46  Overlord  
  80  5:49  Overlord  
  80  5:53  Queen x2, Overlord  
  80  5:55  Overseer  
  84  5:58  Roach x6  
  96  6:07  Roach x4  
  101  6:27  Drone x3  
  101  6:29  Drone x3  
  101  6:31  Drone  
  108  6:33  Drone x3, Zerg Missile Weapons Level 2  
  111  6:43  Ravager x3  
  111  6:44  Drone  
  111  6:45  Drone x2  
  117  6:47  Drone  
  117  6:49  Extractor  
  117  6:50  Extractor  
  117  6:52  Overlord x2  
  116  6:57  Drone  
  116  6:58  Hatchery  
  116  7:03  Infestation Pit  
  116  7:04  Drone x2  
  116  7:05  Drone  
  116  7:06  Overlord x2  
  118  7:16  Roach x3  
  118  7:19  Overlord x3  
  124  7:23  Roach  
  124  7:24  Roach  
  124  7:27  Roach  
  130  7:31  Roach  
  130  7:37  Hydralisk Den, Roach x2  
  135  7:38  Overlord  
  135  7:40  Roach x2  
  139  7:45  Roach  
  139  7:46  Roach x2  
  144  7:53  Roach x6  
  155  8:04  Roach x3  
  159  8:07  Hive  
  159  8:09  Drone x2  
  159  8:10  Muscular Augments, Lurker Den  
  159  8:12  Overlord  
  160  8:13  Roach x4  
  167  8:31  Drone x5  
  170  8:38  Overlord  
  170  8:39  Hydralisk x4  
  178  8:41  Hydralisk x3  
  184  8:49  Drone x5  
  184  8:50  Extractor  
  184  8:52  Extractor  
  184  8:53  Drone x3  
  190  9:03  Overlord  
  190  9:18  Viper  
  190  9:19  Viper x2  
  190  9:21  Grooved Spines  
  199  9:26  Adaptive Talons  
  199  9:27  Zerg Missile Weapons Level 3  
  178  9:46  Lurker x5  
  183  9:54  Roach x7  
  183  9:56  Roach  
  174  10:10  Hydralisk x5  
  174  10:11  Hydralisk  
  171  10:25  Hydralisk x7  
  183  10:33  Lurker  
  178  10:59  Lurker x5  
  178  11:04  Queen x2  
  183  11:08  Viper  
  190  11:22  Seismic Spines  
  190  11:26  Viper  
  190  11:28  Drone x6  
  190  11:31  Spine Crawler  
  190  11:32  Spine Crawler  
  197  11:33  Spine Crawler  
  197  11:34  Spine Crawler x2  
  197  11:36  Hydralisk x3  
  197  11:37  Overseer  
  197  11:39  Overseer  
  200  11:52  Hatchery  
  200  12:21  Hatchery  
  197  12:28  Hydralisk  
  197  12:29  Hydralisk x5  
  200  12:32  Lurker Den  
  199  12:43  Overlord  
  199  12:49  Overlord x2  
  199  12:52  Spine Crawler  
  199  12:56  Hydralisk  
  199  13:44  Hatchery  
  199  13:46  Hydralisk  
  200  13:52  Pneumatized Carapace  
  200  13:56  Zerg Ground Armor Level 1  
  197  14:17  Spine Crawler x2  
  197  14:19  Spine Crawler  
  180  14:32  Hydralisk  
  180  14:33  Hydralisk x14  
  196  14:39  Hydralisk x2  
  195  14:54  Hydralisk x2  
  192  15:13  Hydralisk  
  192  15:14  Hydralisk x6  
  145  15:21  Hydralisk x5  
  117  15:28  Hydralisk  
  104  15:38  Hydralisk x3  
  104  15:40  Lurker  
  107  15:44  Hydralisk x2  
  107  15:49  Hatchery  
  106  15:53  Hydralisk  
  106  15:55  Lurker, Viper  
  106  15:56  Lurker x2  
  112  16:03  Drone x4  
  116  16:05  Hydralisk x2  
  116  16:08  Lurker x7  
  116  16:10  Hydralisk x2  
  131  16:11  Queen  
  131  16:12  Queen  
  135  16:20  Hatchery  
  135  16:22  Hydralisk x2  
  135  16:23  Overseer  
Show
View Real Time Build Order
Export as new Build Order

DisK Protoss - Winner!

Build Orders: Carriers 

Get SALT Encoding   

  12  0:00  Probe  
  13  0:12  Probe  
  14  0:19  Pylon  
  14  0:24  Probe  
  15  0:37  Probe (Chrono Boost)  
  15  0:38  Gateway  
  16  0:47  Probe (Chrono Boost), Assimilator  
  17  0:52  Probe (Chrono Boost)  
  18  1:03  Probe  
  19  1:15  Probe  
  19  1:16  Gateway  
  20  1:28  Probe, Cybernetics Core  
  21  1:47  Nexus  
  21  1:53  Pylon  
  21  1:58  Probe  
  22  2:09  Adept (Chrono Boost)  
  26  2:17  Shield Battery  
  26  2:18  Adept (Chrono Boost)  
  26  2:20  Probe  
  27  2:32  Warp Gate  
  27  2:33  Probe  
  28  2:39  Adept  
  28  2:42  Assimilator  
  29  2:45  Probe  
  30  2:57  Probe  
  31  2:59  Stalker  
  31  3:00  Probe  
  34  3:12  Probe (Chrono Boost)  
  35  3:13  Probe (Chrono Boost)  
  36  3:24  Robotics Facility, Probe (Chrono Boost)  
  36  3:25  Probe (Chrono Boost)  
  38  3:28  Probe (Chrono Boost)  
  38  3:33  Sentry, Probe, Pylon  
  42  3:39  Probe  
  43  3:45  Probe  
  44  3:51  Probe  
  45  3:56  Assimilator  
  45  3:57  Probe, Assimilator  
  46  4:03  Probe, Pylon  
  46  4:08  Warp Prism (Chrono Boost)  
  46  4:09  Probe  
  48  4:15  Probe  
  51  4:23  Gateway, Probe (Chrono Boost)  
  52  4:26  Sentry  
  52  4:27  Sentry, Probe (Chrono Boost)  
  57  4:33  Pylon  
  57  4:37  Observer  
  60  4:38  Probe (Chrono Boost)  
  60  4:39  Probe (Chrono Boost)  
  60  4:43  Probe (Chrono Boost)  
  61  4:46  Probe  
  61  4:49  Pylon  
  62  4:53  Stalker x2  
  62  4:54  Probe  
  62  4:58  Shield Battery, Probe  
  68  5:16  Immortal (Chrono Boost), Probe  
  68  5:18  Probe  
  70  5:25  Stalker x3  
  70  5:28  Observer  
  76  5:37  Nexus  
  76  5:39  Pylon  
  76  5:44  Probe x2  
  78  5:53  Pylon  
  78  5:58  Adept x2  
  78  6:02  Twilight Council  
  78  6:03  Forge, Stalker  
  84  6:06  Pylon  
  84  6:16  Blink (Chrono Boost)  
  84  6:22  Protoss Ground Weapons Level 1 (Chrono Boost)  
  84  6:24  Observer  
  82  6:25  Shield Battery  
  82  6:27  Shield Battery  
  82  6:28  Immortal (Chrono Boost)  
  82  6:29  Probe x2  
  86  6:35  Gateway  
  86  6:36  Gateway  
  86  6:41  Probe x2  
  88  6:48  Observer  
  88  6:52  Pylon  
  88  6:53  Probe x2  
  90  6:57  Probe  
  90  7:00  Assimilator  
  90  7:01  Immortal (Chrono Boost), Assimilator  
  91  7:05  Probe x2  
  91  7:08  Shield Battery  
  97  7:12  Pylon  
  97  7:17  Gateway  
  97  7:22  Gateway  
  97  7:23  Gateway  
  97  7:26  Gateway  
  97  7:28  Probe x2  
  99  7:30  Probe  
  100  7:37  Templar Archives  
  100  7:38  Adept x2  
  100  7:43  Observer  
  105  7:49  Probe  
  105  7:50  Probe x2  
  108  7:53  Pylon x2  
  108  7:54  Stalker x2  
  112  8:03  Psionic Storm  
  112  8:07  Immortal  
  116  8:17  Nexus  
  116  8:18  Protoss Ground Weapons Level 2 (Chrono Boost)  
  116  8:21  Pylon  
  116  8:28  Charge (Chrono Boost)  
  116  8:34  Photon Cannon  
  114  8:35  Photon Cannon  
  114  8:38  Shield Battery  
  114  8:40  High Templar x6  
  126  8:44  Probe x2  
  126  8:46  Shield Battery, Observer  
  128  8:54  Photon Cannon  
  128  8:55  Probe, Pylon  
  129  8:56  Probe x2  
  131  9:02  Immortal (Chrono Boost)  
  134  9:14  Pylon  
  134  9:19  Stalker x4  
  134  9:24  Stalker x2  
  146  9:28  Probe x2  
  146  9:29  Probe x2  
  150  9:32  Stalker  
  152  9:55  Zealot x3  
  152  9:56  Zealot x5  
  152  9:57  Observer  
  145  10:21  Zealot x9  
  145  10:26  Immortal (Chrono Boost), Stargate  
  165  10:30  Stargate, Probe x4  
  165  10:32  Assimilator x2  
  163  10:48  Zealot x8  
  169  10:56  Observer  
  167  10:59  Probe x4  
  167  11:01  Photon Cannon  
  167  11:02  Protoss Ground Weapons Level 3 (Chrono Boost)  
  167  11:03  Photon Cannon  
  172  11:07  Protoss Air Weapons Level 1  
  172  11:10  Oracle  
  175  11:12  Fleet Beacon  
  175  11:18  Observer, High Templar x3  
  176  11:19  High Templar x3  
  176  11:24  Archon x3  
  188  11:28  Pylon  
  188  11:30  Pylon  
  188  11:41  Dark Shrine  
  188  11:46  Probe  
  189  11:48  Zealot x3  
  195  11:59  Stargate  
  190  12:16  Zealot x5  
  198  12:29  Immortal (Chrono Boost)  
  190  12:34  Nexus, Carrier x2 (Chrono Boost)  
  190  12:36  Pylon  
  184  12:39  Pylon  
  184  12:41  High Templar x4  
  184  12:43  Carrier (Chrono Boost)  
  198  13:01  Photon Cannon  
  198  13:02  Photon Cannon  
  198  13:05  Photon Cannon  
  198  13:07  Photon Cannon  
  198  13:09  Shield Battery  
  198  13:10  Stargate  
  198  13:11  Shield Battery  
  198  13:15  Gateway  
  198  13:16  Gateway  
  198  13:19  Gateway  
  198  13:22  Gateway  
  198  13:25  Photon Cannon  
  198  13:28  Assimilator  
  198  13:32  Assimilator  
  188  13:42  Carrier x2  
  188  13:46  Oracle  
  199  13:56  Cybernetics Core  
  199  14:00  Protoss Air Weapons Level 2 (Chrono Boost)  
  191  14:19  Nexus  
  191  14:21  Pylon  
  191  14:24  Pylon  
  187  14:27  Assimilator  
  175  14:32  Assimilator  
  175  14:35  Zealot x2  
  175  14:36  Zealot x11  
  199  14:41  Protoss Shields Level 1  
  187  14:55  Carrier x2  
  187  14:56  Protoss Air Armor Level 1 (Chrono Boost)  
  199  15:03  Zealot  
  177  15:15  Zealot x8  
  177  15:20  Zealot x2  
  169  15:31  Zealot x3  
  165  15:43  Zealot x6  
  165  15:45  High Templar  
  165  15:46  High Templar  
  167  15:51  Archon, High Templar x3  
  167  15:52  High Templar  
  167  15:53  High Templar  
  171  16:15  High Templar x2  
  171  16:16  High Templar x2  
  171  16:17  High Templar x2  
  183  16:20  Archon x2  
  183  16:21  Archon  
  179  16:41  Archon x2  
Tags
 
Add a new tag
Caveats
  • Supply blocks, unpowered buildings, or Contaminate may cause inaccurate times.
  • Supply counts are checked every 10 seconds.